 Dungeon Crawl Stone Soup version 0.27-a0-1347-gd8886f0a89 (webtiles) character file.

Game seed: 2042314162479568502

149 Sobieck the Sneak (level 5, -2/37 HPs)
             Began as an Octopode Delver on June 27, 2021.
             Slain by an acid dragon (9 damage)
             ... on level 5 of the Dungeon.
             The game lasted 00:04:33 (734 turns).

Sobieck the Sneak (Octopode Delver)                  Turns: 734, Time: 00:04:33

Health: -2/37      AC:  1    Str: 14    XL:     5   Next: 31%
Magic:  5/5        EV: 14    Int: 15    God:
Gold:   13         SH:  0    Dex: 13    Spells: 4/4 levels left

rFire    + . .     SeeInvis .   a - +0 falchion {long}
rCold    . . .     Faith    .   (no shield)
rNeg     . . .     Spirit   .   (helmet restricted)
rPois    +         Reflect  .   (no amulet)
rElec    .         Harm     .   h - ring "Otiuj" {rPois rF+ Str+2 Int+2}
rCorr    .         Rampage  .   (no ring)
Will     .....                  (no ring)
Stlth    ++++......             (no ring)
HPRegen  0.12/turn              (no ring)
MPRegen  0.09/turn              (no ring)
                                (no ring)
                                (no ring)

@: hasted, very quick
A: almost no armour, amphibious, 8 rings, camouflage 1, gelatinous body 1,
(nimble swimmer 1), tentacles
a: no special abilities


You were on level 5 of the Dungeon.
You visited 1 branch of the dungeon, and saw 3 of its levels.

You collected 13 gold pieces.


Innate Abilities, Weirdness & Mutations

You cannot wear most types of armour.
You are amphibious.
You can wear up to eight rings at the same time.
Your skin changes colour to match your surroundings (Stealth+).
Your rubbery body absorbs attacks. (AC +1, EV +1)
((You are camouflaged near water. (Stealth+)))
You have tentacles for arms and can constrict up to eight enemies at once.


   Skills:
 + Level 4.1 Fighting
 + Level 3.2 Long Blades
 + Level 3.2 Dodging
 - Level 7.0 Stealth


You had 4 spell levels left.
You didn't know any spells.
Your spell library was empty.

Inventory:

Hand Weapons
 a - a +0 falchion (weapon) {long}
Missiles
 k - 24 sling bullets
Jewellery
 h - the ring "Otiuj" (left tentacle) {rPois rF+ Str+2 Int+2}
   (You found it on level 5 of the Dungeon)

   [ring of protection from fire]

   Str:       It affects your strength (+2).
   Int:       It affects your intelligence (+2).
   rF:        It protects you from fire.
   rPois:     It protects you from poison.
Wands
 f - a wand of digging (3)
 i - a wand of paralysis (3)
   (You found it on level 5 of the Dungeon)
Scrolls
 b - a scroll of fog
 c - a scroll of magic mapping {!r}
 d - a scroll of fear
 g - a scroll of enchant weapon {unknown}
 j - a scroll of noise {unknown}
Potions
 e - a potion of haste {@q3}
 l - 2 potions of degeneration {unknown}

Dungeon Overview and Level Annotations

Branches:
Dungeon (7/15)
 Temple: D:4-7

Altars:
Fedhas
Qazlal
Sif Muna

Shops:
D:5 *

Annotations:
D:5 Ijyb

.# .# .# .# .# .D.
##.# ... #..# ....
#.####### ....
#@#∩.∩.∩## .....
#.D......####.....
#....⌠............
#........##>......
###∩.∩.∩#####.....
####### .... ###


You could see an acid dragon.


Message History

You regained 2 hp, and now have 18/37 hp.
Your mp is fully restored (5). 😮 HP[+1]
There is a stone staircase leading down here.
You climb downwards.
There is a stone staircase leading up here.
You start resting.
A bullfrog comes into view.
The bullfrog moves out of view. 😮 HP[+2]
You regained 2 hp, and now have 21/37 hp.
Unknown command.
You start resting.
A bullfrog is nearby! 😮 HP[+1]
You start resting.
A bullfrog is nearby! 😕 HP[+9]
You regained 9 hp, and now have 31/37 hp. 😕 HP[+1]
A bullfrog is nearby!
You start resting.
A bullfrog is nearby! 😕 HP[+2]
You regained 2 hp, and now have 34/37 hp.
You start resting.
A bullfrog is nearby! 😕 HP[+1]
The bullfrog hits something but does no damage.
The bullfrog hits the bush but does no damage.
There is a stone staircase leading up here.
You climb upwards.
Level annotation: Ijyb
There is a stone staircase leading down here.
You start resting.
An acid dragon is nearby! 😕 HP[+1]
There is a dry fountain here.
The hound barks!
The hound misses you. 😎 HP[+1]
Your hp is fully restored (37).
You barely miss the hound.
The acid dragon roars!
Your grab misses the hound. The hound barely misses you.
You riposte.
You hit the hound. Your grab misses the hound. The hound closely misses you.
The hound bites you. 😕 HP[-1]
You take 1 damage, and now have 36/37 hp.
The hound barely misses you.
The hound stops to sniff the ground.
The hound bites you. The acid dragon spits acid at you.
The splash of acid misses you. 😕 HP[-2]
You take 2 damage, and now have 34/37 hp.
The hound closely misses you.
Sorry, you're not good enough to have a special ability.
Unknown command.
You feel yourself speed up. The hound bites you. 😕 HP[-6]
You take 6 damage, and now have 28/37 hp.
You slash the hound! Your grab misses the hound.
The hound completely misses you.
You hit the hound. Your grab misses the hound. The hound barely misses you.
The hound bites you. 😮 HP[-2]
You take 2 damage, and now have 26/37 hp.
You hit the hound.
You kill the hound!
You see here a hound corpse.
You hit the acid dragon. Your squeeze misses the acid dragon.
You barely miss the acid dragon. The acid dragon bites you!
* * * LOW HITPOINT WARNING * * *
The acid dragon misses you. 😨 HP[-11]
You take 11 damage, and now have 15/37 hp.
MASSIVE DAMAGE!! (PAUSE)
You hit the acid dragon but do no damage.
Your squeeze misses the acid dragon. The acid dragon bites you.
* * * LOW HITPOINT WARNING * * *
The acid dragon claws you.
* * * LOW HITPOINT WARNING * * *
😱 HP[-8]
You take 8 damage, and now have 7/37 hp.
MASSIVE DAMAGE!! (PAUSE)
You closely miss the acid dragon. You barely miss the acid dragon.
Your squeeze misses the acid dragon. The acid dragon barely misses you. x2
You hit the acid dragon but do no damage.
You squeeze the acid dragon.
The acid dragon bites you but does no damage.
The acid dragon misses you.
You closely miss the acid dragon. The acid dragon barely misses you.
You riposte.
You hit the acid dragon. Your squeeze misses the acid dragon.
The acid dragon closely misses you.
You hit the acid dragon.
You hit the acid dragon but do no damage.
The acid dragon bites you!
You die...

Skill      XL: |  1  2  3  4 |
---------------+-------------+-----
Stealth        | 7 |  7.0
Fighting       | 4 |  4.1
Long Blades    | 3 |  3.2
Dodging        | 3 |  3.2

Action                   |  1- 3 |  4- 6 || total
-------------------------+-------+-------++-------
Melee: Tentacles         |     4 |     5 ||     9
       Falchion          |     3 |    20 ||    23
       Constrict         |     2 |     2 ||     4
  Use: Potion            |       |     1 ||     1
 Stab: Sleeping          |     1 |       ||     1
Armor: Skin              |       |     1 ||     1
Dodge: Dodged            |     2 |    19 ||    21
       Rpst.: Falchion   |     1 |     3 ||     4

Levels and vault maps discovered:
D:5:      layout_basic, nicolae_overflow_crystal_walls, nicolae_shop_clearance,
          uniq_ijyb
D:6:      layout_rooms, grunt_temple_overflow_forces_of_nature,
          lemuel_doored_altar
D:7:      layout_basic, minmay_temple_entry_trees, serial_glass,
          glass_columns_a, glass_columns_c, amcnicky_mini_pool_small

Notes
Turn   | Place    | Note
-------+----------+-------------------------------------------
     0 | D:5      | Sobieck the Octopode Delver began the quest for the Orb.
     0 | D:5      | Reached XP level 1. HP: 16/16 MP: 1/1
     0 | D:5      | magus.rc [v1.9.6]
    14 | D:5      | Identified the ring "Otiuj" {rPois rF+ Str+2 Int+2}
    22 | D:5      | Noticed Ijyb
    94 | D:5      | Noticed an iguana
   244 | D:6      | Noticed a bullfrog
   249 | D:6      | Found a stormy altar of Qazlal.
   251 | D:6      | Killed a bullfrog
   252 | D:6      | Reached skill level 7 in Stealth
   252 | D:6      | Reached XP level 2. HP: 22/22 MP: 2/2
   252 | D:6      | Reached XP level 3. HP: 27/27 MP: 3/3
   252 | D:6      | Reached XP level 4. HP: 33/33 MP: 4/4
   269 | D:6      | Found a shimmering blue altar of Sif Muna.
   517 | D:6      | Noticed an orc warrior
   543 | D:6      | Found a blossoming altar of Fedhas.
   557 | D:5      | Found Ularos's CLEARANCE SALE! EVERYTHING MUST GO!.
   559 | D:5      | Noticed an acid dragon
   566 | D:5      | Reached skill level 4 in Fighting
   566 | D:5      | Reached skill level 3 in Long Blades
   566 | D:5      | Reached skill level 3 in Dodging
   566 | D:5      | Reached XP level 5. HP: 18/37 MP: 5/5
   728 | D:5      | HP: 7/37 [acid dragon (5)]
   734 | D:5      | Slain by an acid dragon

Vanquished Creatures
  A bullfrog (D:6)
  A water moccasin skeleton (D:5)
  A hound (D:5)
  An ufetubus (D:6)
  An orc (D:5)
5 creatures vanquished.

Vanquished Creatures (others)
  3 fungi (D:6)
  2 plants (D:6)
5 creatures vanquished.

Grand Total: 10 creatures vanquished

Table legend:
 A = Non-vault XP
 B = Vault XP
 C = Vault XP percentage of total XP
 D = Non-vault monster count
 E = Vault monster count
 F = Vault count percentage of total count
                 A         B        C        D         E       F
            +---------+---------+-------+---------+---------+-------
      Total |     213 |       0 |   0.0 |       5 |       0 |   0.0
            +---------+---------+-------+---------+---------+-------
        D:5 |     117 |       0 |   0.0 |       3 |       0 |   0.0
        D:6 |      96 |       0 |   0.0 |       2 |       0 |   0.0
            +---------+---------+-------+---------+---------+-------

Illustrated notes

Table legend:
 A = Kills in this place as a percentage of kills in entire the game.
 B = Kills by you in this place as a percentage of kills by you in the entire game.
 C = Kills by friends in this place as a percentage of kills by friends in the entire game.
 D = Other kills in this place as a percentage of other kills in the entire game.
 E = Experience gained in this place as a percentage of experience gained in the entire game.
 F = Experience gained in this place divided by the number of levels of this place that you have seen.
                   A       B       C       D       E      F
               +-------+-------+-------+-------+-------+----------------------
         Total | 100.0 | 100.0 |   N/A |   N/A | 100.0 |  71.0
       Dungeon | 100.0 | 100.0 |   N/A |   N/A | 100.0 |  71.0
               +-------+-------+-------+-------+-------+----------------------

Table legend: (Time is in decaauts)
 A = Elapsed time spent in this place.
 B = Non-inter-level travel time spent in this place.
 C = Inter-level travel time spent in this place.
 D = Time resting spent in this place.
 E = Time spent auto-exploring this place.
 F = Levels seen in this place.
 G = Mean time per level.
                   A        B        C        D        E       F      G
               +--------+--------+--------+--------+--------+-----+--------+
         Total |    735 |    735 |      0 |    308 |     48 |   3 |  245.0 |
       Dungeon |    735 |    735 |      0 |    308 |     48 |   3 |  245.0 |
               +--------+--------+--------+--------+--------+-----+--------+

Top non-repeatable levels by time:
     D:6: 567 daAuts
     D:5: 134 daAuts
     D:7: 33 daAuts
